AoeStats
← tiger

Lombardia

509524769Analyzed
4v4 RM · 5d ago on Sep 27, 2026· 48m 11s· 8 players
Game mode
Random Map
Map size
Large (8 player)
Population
200
Speed
Normal
Resources
Standard
Victory
Conquest
Starting age
Dark Age
Ending age
Imperial Age
RankedLock teamsTeams togetherTeam positionsShared explorationLock speedFull tech treeHidden civsTurbo modeCheats
Victory
Defeat
🇲🇽 Bulgarians · Mexico
931
+12
🇲🇽 Goths · Mexico
906
+13
🇳🇱 Teutons · Netherlands
887
+14
🇦🇷 Franks · Argentina
880
+14
🇺🇸 Turks · United States
964
-17
🇺🇸 Spanish · United States
826
-13
🇺🇸 Byzantines · United States
815
-12
🇺🇸 Britons · United States
781
-11
D4nielSDH
0:32 Loom
11:38 Feudal Age
12:56 Wheelbarrow
14:37 Horse Collar
18:54 Double-Bit Axe
23:41 Castle Age
22:06 Arson
22:37 Forging
22:29 Scale Mail Armor
22:37 Scale Barding Armor
22:25 Fletching
24:42 Hand Cart
25:12 Bow Saw
25:09 Gambesons
25:28 Squires
25:32 Husbandry
25:49 Bloodlines
26:49 Heavy Plow
28:27 Iron Casting
31:32 Chain Barding Armor
31:09 Bodkin Arrow
31:31 Chain Mail Armor
33:19 Stirrups
33:23 Light Cavalry
37:05 Imperial Age
36:10 Murder Holes
36:39 Gold Mining
36:43 Stone Mining
37:38 Caravan
37:09 Capped Ram
38:21 Conscription
38:05 Bagains
37:41 Pikeman
38:21 Siege Ram
40:36 Crop Rotation
40:31 Ballistics
40:23 Masonry
42:39 Blast Furnace
42:19 Plate Mail Armor
42:53 Plate Barding Armor
43:03 Bracer
42:37 Halberdier
44:34 Siege Engineers
45:03 Architecture
45:05 Elite Konnik
L0rd Str1d3r
0:38 Loom
12:46 Feudal Age
17:22 Castle Age
16:15 Double-Bit Axe
16:12 Horse Collar
17:18 Stone Mining
31:39 Imperial Age
29:30 Bow Saw
30:35 Anarchy
30:48 Forging
32:56 Conscription
33:13 Iron Casting
32:39 Scale Mail Armor
33:16 Elite Huskarl
35:23 Wheelbarrow
35:11 Squires
34:34 Pikeman
36:29 Two-Man Saw
36:17 Husbandry
37:23 Blast Furnace
36:41 Chain Mail Armor
36:52 Bloodlines
36:06 Light Cavalry
37:11 Perfusion
37:28 Heavy Plow
38:35 Hand Cart
38:08 Town Watch
39:06 Crop Rotation
39:12 Halberdier
43:50 Hussar
46:45 Fletching
Big papi Nelis
11:19 Feudal Age
14:56 Double-Bit Axe
14:56 Horse Collar
18:42 Castle Age
19:56 Wheelbarrow
21:46 Heavy Plow
21:58 Bow Saw
22:07 Gold Mining
26:28 Hand Cart
27:33 Fortified Wall
27:37 Masonry
27:29 Stone Mining
28:34 Hand Cart
32:04 Imperial Age
30:46 Caravan
32:16 Fervor
34:41 Chemistry
35:27 Stone Shaft Mining
34:55 Loom
34:56 Town Watch
35:16 Squires
35:02 Arson
35:40 Conscription
34:40 Elite Teutonic Knight
37:07 Ballistics
36:58 Siege Engineers
38:37 Scale Mail Armor
38:47 Forging
39:31 Chain Mail Armor
39:12 Fletching
40:03 Iron Casting
40:12 Onager
41:53 Plate Mail Armor
42:25 Blast Furnace
41:18 Fletching
43:22 Cavalier
44:13 Scale Barding Armor
44:04 Bodkin Arrow
45:12 Bloodlines
44:24 Paladin
46:25 Chain Barding Armor
mateakd2013
12:46 Feudal Age
17:15 Castle Age
21:39 Loom
21:57 Double-Bit Axe
24:05 Bow Saw
28:07 Husbandry
28:20 Scale Barding Armor
28:26 Forging
32:50 Imperial Age
32:43 Chain Barding Armor
32:59 Iron Casting
32:30 Caravan
33:00 Coinage
32:35 Gold Mining
32:38 Stone Mining
34:57 Conscription
34:06 Ordonnance Companies
34:31 Cavalier
36:04 Wheelbarrow
40:47 Paladin
42:45 Banking
42:47 Chivalry
44:09 Hand Cart
46:45 Heavy Mounted Crossbowman
46:46 Cranequins
48:09 Plate Barding Armor
48:36 Blast Furnace
47:37 Padded Archer Armor
47:27 Fletching
FluxLithium
11:15 Feudal Age
11:05 Loom
14:48 Castle Age
13:18 Horse Collar
13:25 Double-Bit Axe
15:48 Bow Saw
22:10 Wheelbarrow
21:20 Town Watch
24:39 Caravan
25:09 Coinage
24:46 Scale Barding Armor
24:51 Forging
25:04 Stone Mining
26:17 Hand Cart
27:01 Town Patrol
29:47 Murder Holes
30:03 Masonry
31:02 Fortified Wall
33:17 Iron Casting
33:02 Chain Barding Armor
32:32 Fletching
35:45 Imperial Age
36:36 Scale Mail Armor
37:36 Blast Furnace
36:32 Bodkin Arrow
37:33 Ballistics
37:34 Bombard Tower
37:00 Arrowslits
37:51 Artillery
38:12 Conscription
38:32 Hoardings
37:19 Elite Janissary
38:21 Sipahi
41:01 Banking
40:42 Guilds
47:27 Plate Barding Armor
47:12 Bracer
48:23 Bloodlines
48:13 Husbandry
B3Guy
7:32 Loom
10:32 Feudal Age
15:51 Castle Age
15:52 Horse Collar
19:41 Wheelbarrow
19:10 Heavy Plow
18:57 Double-Bit Axe
20:26 Bow Saw
20:39 Gold Mining
23:10 Hand Cart
24:22 Gold Shaft Mining
26:10 Stone Mining
33:53 Stone Shaft Mining
36:30 Imperial Age
36:26 Fortified Wall
36:13 Murder Holes
36:14 Fletching
36:44 Forging
36:37 Scale Mail Armor
36:00 Pikeman
36:42 Squires
36:37 Arson
36:44 Gambesons
36:50 Gambesons
37:55 Hoardings
37:41 Conscription
37:39 Logistica
38:20 Halberdier
39:57 Iron Casting
39:43 Chain Mail Armor
42:05 Elite Cataphract
47:13 Plate Mail Armor
tiger
7:53 Loom
14:57 Feudal Age
19:36 Castle Age
17:58 Gold Mining
17:55 Double-Bit Axe
18:51 Padded Archer Armor
19:39 Horse Collar
20:16 Stone Mining
24:23 Stone Shaft Mining
24:41 Bow Saw
29:59 Leather Archer Armor
31:14 Heavy Plow
32:01 Wheelbarrow
33:33 Hand Cart
36:39 Imperial Age
36:58 Masonry
37:09 Ballistics
44:08 Conscription
45:00 Caravan
Aezaq
12:49 Feudal Age
17:18 Castle Age
16:36 Double-Bit Axe
17:34 Horse Collar
18:19 Bow Saw
21:41 Stone Mining
21:43 Gold Mining
26:17 Padded Archer Armor
26:07 Fletching
28:34 Town Watch
29:55 Gold Shaft Mining
29:19 Crossbowman
30:16 Heavy Plow
32:26 Wheelbarrow
33:40 Town Patrol
33:59 Caravan
39:07 Murder Holes
44:48 Imperial Age
43:47 Ballistics
43:59 Hand Cart
45:11 Leather Archer Armor
44:52 Bodkin Arrow
45:20 Elite Longbowman
46:22 Conscription
46:44 Ring Archer Armor
Connection lost

Rejoining the realm…

Still unreachable

The connection could not be restored.

Session expired

The server has moved on; the page needs a fresh start.